 Dungeon Crawl Stone Soup version 0.28-b1-1-g3c77fb2ed1 (webtiles) character file.

Game seed: 7795670630182873181

35 zeram the Shield-Bearer (level 3, -1/26 HPs)
             Began as an Octopode Fighter on Jan 28, 2022.
             Succumbed to an adder's poison
             ... on level 2 of the Dungeon.
             The game lasted 00:01:21 (1166 turns).

zeram the Shield-Bearer (Octopode Fighter)          Turns: 1166, Time: 00:01:21

Health: -1/26      AC:  1    Str: 14 (15) XL:     3   Next: 35%
Magic:  3/3        EV: 10    Int: 11 (12) God:
Gold:   49         SH:  4    Dex:  9 (11) Spells: 2/2 levels left

rFire   . . .      SeeInvis .   a - +0 rapier
rCold   . . .      Faith    .   b - +0 buckler
rNeg    . . .      Spirit   .   (helmet restricted)
rPois   .          Reflect  .   (no amulet)
rElec   .          Harm     .   (no ring)
rCorr   .          Rampage  .   (no ring)
Will    .....                   (no ring)
Stlth   ++........              (no ring)
HPRegen 0.08/turn               (no ring)
MPRegen 0.08/turn               (no ring)
                                (no ring)
                                (no ring)

@: mighty, lethally poisoned (-1 -> -9), constricted
A: almost no armour, amphibious, 8 rings, camouflage 1, gelatinous body 1,
(nimble swimmer 1), tentacles
a: no special abilities


You were on level 2 of the Dungeon.
You visited 1 branch of the dungeon, and saw 2 of its levels.

You collected 49 gold pieces.

Inventory:

Hand Weapons
 a - a +0 rapier (weapon)
Armour
 b - a +0 buckler (worn)
Scrolls
 e - a scroll of amnesia {unknown}
Potions
 d - a potion of magic


   Skills:
 - Level 3.0 Fighting
 + Level 2.3 Short Blades
 + Level 3.4 Dodging
 + Level 1.1 Stealth
 + Level 3.5 Shields


You had 2 spell levels left.
You didn't know any spells.
Your spell library contained the following spells:

 Spells                   Type           Power      Damage    Failure   Level
 Corpse Rot               Necr/Air       0%         N/A       56%         2
 Poisonous Vapours        Pois/Air       0%         N/A       56%         2


Dungeon Overview and Level Annotations

Branches:
Dungeon (2/15)

Altars:


Innate Abilities, Weirdness & Mutations

You cannot wear most types of armour.
You are amphibious.
You can wear up to eight rings at the same time.
Your skin changes colour to match your surroundings (Stealth+).
Your rubbery body absorbs attacks. (AC +1, EV +1)
((You are camouflaged when in or above water. (Stealth+)))
You have tentacles for arms and can constrict up to eight enemies at once.


Message History

The adder is moderately wounded.
You miss the adder. Your grab misses the adder.
The adder is moderately wounded.
The ball python bites you. You block the ball python's attack.
The adder bites you. The adder closely misses you.
The ball python completely misses you. The ball python barely misses you.
The adder barely misses you.
You barely miss the adder. Your grab misses the adder.
The adder is moderately wounded.
The adder bites you but does no damage. The ball python barely misses you.
The ball python grabs you. The ball python constricts you.
The adder barely misses you. The adder bites you.
Unknown command.
You feel very mighty all of a sudden. The adder closely misses you.
The ball python barely misses you. The ball python constricts you.
The adder barely misses you.
You puncture the adder! Your grab misses the adder.
The adder is severely wounded.
The adder bites you. The ball python bites you. The ball python constricts you.
The adder bites you.
You are poisoned.
The adder poisons you! The adder closely misses you.
The ball python bites you but does no damage.
The ball python constricts you.
You puncture the adder! Your grab misses the adder.
The adder is almost dead.
You feel sick. The adder bites you.
* * * LOW HITPOINT WARNING * * *
The adder bites you.
* * * LOW HITPOINT WARNING * * *
You are more poisoned.
The adder poisons you! The ball python bites you.
* * * LOW HITPOINT WARNING * * *
The ball python constricts you.
* * * LOW HITPOINT WARNING * * *
The adder misses you.
It was a potion of degeneration.
There was something very wrong with that liquid.
You feel weakened.
You feel dopey.
You feel clumsy.
You die...

..###........)....# #.
##.#..........#. .
#.#............ ..
#(#...#......<. ...
#.#........(... #._.
###.#............
.....
##...####.......#.
#..S#S.#..####........
#.SS@.....##......#..
##.S#...........####.
#..###...)##.....# .
### #.#............#
................#
#.###...#........# ...
#...#......... ...
#...#........# ..
##### #######


You could see 2 adders and 3 ball pythons.

Vanquished Creatures
  2 dart slugs (D:2)
  A ball python (D:1)
  2 bats
  3 endoplasms
  2 giant cockroaches
  A hobgoblin (D:2)
  2 jackals (D:2)
  3 kobolds (D:1)
  3 quokkas
  2 frilled lizards
  3 goblins
  4 rats (D:1)
28 creatures vanquished.

Vanquished Creatures (others)
  7 plants (D:2)
7 creatures vanquished.

Grand Total: 35 creatures vanquished

Notes
Turn   | Place    | Note
-------+----------+-------------------------------------------
     0 | D:1      | zeram the Octopode Fighter began the quest for the Orb.
     0 | D:1      | Reached XP level 1. HP: 16/16 MP: 1/1
   321 | D:1      | Reached XP level 2. HP: 21/21 MP: 2/2
   951 | D:2      | Reached skill level 1 in Stealth
   951 | D:2      | Reached XP level 3. HP: 17/26 MP: 3/3
  1155 | D:2      | Found a faded altar of an unknown god.
  1165 | D:2      | HP: 1/26 [constriction (1)]
  1166 | D:2      | Succumbed to an adder's poison

Illustrated notes

Levels and vault maps discovered:
D:1:      dpeg_arrival_tiny_c, layout_loops_ring, serial_aquarium,
          aquarium_bridge_island_large [aquarium_subvault_large_water,
          aquarium_subvault_wall, aquarium_subvault_bridge,
          aquarium_subvault_bridge, aquarium_subvault_balcony],
          aquarium_bridge_square [aquarium_subvault_bridge,
          aquarium_subvault_bridge, aquarium_subvault_bridge,
          aquarium_subvault_balcony], aquarium_window_1, aquarium_window_2,
          aquarium_window_fake, aquarium_view_2a, aquarium_view_2b,
          aquarium_balcony_1b
D:2:      layout_rooms, serial_forest, infiniplex_forest_clump_diagonal,
          infiniplex_forest_straight_4, infiniplex_forest_lined_ring,
          infiniplex_forest_corner_1, infiniplex_forest_lined_room_2,
          infiniplex_forest_clump_cross, nicolae_ecumenical_snake_handling,
          due_unseen_surprise

Skill      XL: |  1  2 |
---------------+-------+-----
Stealth        | 1 |  1.1
Fighting       | |  3.0
Short Blades   | |  2.3
Dodging        | |  3.4
Shields        | |  3.5

Action                   || total
-------------------------++-------
Melee: Rapier            ||    55
       Constrict         ||    13
       Tentacles         ||     4
  Use: Scroll            ||     2
       Potion            ||     2
 Stab: Sleeping          ||     4
Armor: Skin              ||     9
Dodge: Dodged            ||    36
Block: Buckler           ||    10
